[ AOE2 MATCH · #507976977 ]
UnrankedMalay vs Huns
Player's team · LOSS
Rival team · WIN
[ REPLAY ANALYSIS · EXTRACTED FROM THE RECORDED GAME ]
Feudal
10:44
Castle
18:12
Imperial
34:56
| APM avg | 78.1 |
| APM peak | 142 |
| eAPM avg | 40.2 |
| Villagers / military | 162 / 283 |
Focus
⚔️ 40.9% · 🌾 59.1%
Archer ×95 · Spearman ×83 · Scout Cavalry ×33 · Karambit Warrior ×29 · Bombard Cannon ×16 · Trebuchet (Packed) ×8
Feudal
9:16
Castle
19:28
Imperial
35:59
| APM avg | 56.4 |
| APM peak | 117 |
| eAPM avg | 27.7 |
| Villagers / military | 152 / 260 |
Focus
⚔️ 35.3% · 🌾 64.7%
Skirmisher ×135 · Knight ×94 · Scout Cavalry ×11 · Trebuchet (Packed) ×7 · Monk ×4 · Archer ×4
Match map
Initial resources + every placement click. Lines = walls · curves = elevation contours. ◆ gold · ⬟ stone · ● berries · ✦ relic · ◌ wall gap
Your base· Open — opponent sealed themselves in
WhiteForest's base· ✓ Closed at 19:28 · 45t walls · 1 gate(s)
Smoothed initial terrain · ◌ = detected wall gap · hover for details
Inputs per minute
— AOKI_Nyusika - - WhiteForest
Build order — AOKI_Nyusika
First 150 of 683 actions detected
| 0:00 | Queue | Villager (Male) |
| 0:00 | Queue | Villager (Male) |
| 0:01 | Queue | Villager (Male) |
| 0:02 | Build | House |
| 0:03 | Build | House |
| 0:14 | Queue | Villager (Male) |
| 0:14 | Queue | Villager (Male) |
| 1:23 | Queue | Villager (Male) |
| 1:48 | Build | Lumber Camp |
| 1:55 | Queue | Villager (Male) |
| 2:23 | Queue | Villager (Male) |
| 2:23 | Queue | Villager (Male) |
| 2:36 | Queue | Villager (Male) |
| 2:37 | Queue | Villager (Male) |
| 3:07 | Queue | Villager (Male) |
| 3:08 | Queue | Villager (Male) |
| 3:22 | Queue | Villager (Male) |
| 3:49 | Build | House |
| 4:02 | Queue | Villager (Male) |
| 4:11 | Queue | Villager (Male) |
| 4:33 | Build | Barracks |
| 4:37 | Queue | Villager (Male) |
| 4:54 | Build | House |
| 5:17 | Queue | Villager (Male) |
| 5:27 | Queue | Militia |
| 5:27 | Queue | Militia |
| 5:28 | Queue | Militia |
| 5:42 | Queue | Villager (Male) |
| 5:48 | Build | House |
| 5:49 | Build | Palisade Wall |
| 5:59 | Build | House |
| 6:02 | Queue | Villager (Male) |
| 6:17 | Research | Loom |
| 6:29 | Build | Mill |
| 6:43 | Queue | Villager (Male) |
| 6:51 | Build | Palisade Wall |
| 7:08 | Queue | Villager (Male) |
| 7:14 | Build | Palisade Wall |
| 7:23 | Queue | Villager (Male) |
| 7:33 | Build | Farm |
| 8:01 | Queue | Villager (Male) |
| 8:03 | Build | Farm |
| 8:41 | Queue | Villager (Male) |
| 8:46 | Build | House |
| 9:04 | Build | Mining Camp |
| 9:26 | Research | Feudal Age |
| 9:27 | Research | Feudal Age |
| 9:55 | Queue | Militia |
| 10:17 | Queue | Villager (Male) |
| 10:23 | Queue | Militia |
| 10:30 | Build | House |
| 10:44 | Age | Feudal Age |
| 10:46 | Build | Archery Range |
| 10:52 | Research | Man-at-Arms (upgrade) |
| 10:52 | Research | Man-at-Arms (upgrade) |
| 11:00 | Research | Double-Bit Axe |
| 11:09 | Queue | Villager (Male) |
| 11:09 | Queue | Villager (Male) |
| 11:10 | Build | Farm |
| 11:24 | Build | House |
| 11:42 | Queue | Villager (Male) |
| 11:45 | Build | Farm |
| 11:48 | Queue | Archer |
| 11:53 | Queue | Villager (Male) |
| 11:59 | Build | Farm |
| 12:17 | Queue | Villager (Male) |
| 12:19 | Build | Farm |
| 12:30 | Build | Farm |
| 12:31 | Queue | Archer |
| 12:47 | Queue | Villager (Male) |
| 12:55 | Queue | Archer |
| 12:59 | Build | Farm |
| 13:00 | Queue | Villager (Male) |
| 13:02 | Build | Farm |
| 13:33 | Queue | Villager (Male) |
| 13:35 | Build | Farm |
| 13:38 | Queue | Archer |
| 14:07 | Build | Market |
| 14:13 | Queue | Villager (Male) |
| 14:14 | Queue | Archer |
| 14:16 | Queue | Villager (Male) |
| 14:32 | Build | Farm |
| 15:04 | Queue | Villager (Male) |
| 15:12 | Build | Blacksmith |
| 15:24 | Build | Farm |
| 15:30 | Queue | Villager (Male) |
| 15:39 | Build | Farm |
| 15:56 | Queue | Villager (Male) |
| 16:01 | Research | Fletching |
| 16:04 | Build | Farm |
| 16:14 | Build | Farm |
| 16:31 | Build | Farm |
| 16:36 | Research | Castle Age |
| 16:36 | Research | Castle Age |
| 16:50 | Queue | Archer |
| 17:12 | Build | House |
| 17:32 | Queue | Villager (Male) |
| 17:33 | Queue | Archer |
| 18:12 | Age | Castle Age |
| 18:15 | Research | Crossbowman (upgrade) |
| 18:15 | Research | Bodkin Arrow |
| 18:15 | Research | Bodkin Arrow |
| 18:18 | Build | University |
| 18:34 | Queue | Villager (Male) |
| 18:58 | Research | Ballistics |
| 18:59 | Queue | Villager (Male) |
| 19:06 | Build | House |
| 19:16 | Queue | Archer |
| 19:18 | Queue | Villager (Male) |
| 19:37 | Research | Padded Archer Armor |
| 19:44 | Build | Farm |
| 19:47 | Queue | Villager (Male) |
| 19:47 | Queue | Archer |
| 19:50 | Queue | Archer |
| 19:51 | Build | Farm |
| 19:57 | Queue | Villager (Male) |
| 20:29 | Queue | Archer |
| 20:31 | Queue | Villager (Male) |
| 20:32 | Build | Archery Range |
| 20:40 | Research | Horse Collar |
| 20:46 | Build | Farm |
| 20:48 | Build | Farm |
| 20:50 | Build | Farm |
| 20:52 | Queue | Villager (Male) |
| 20:56 | Queue | Archer |
| 21:02 | Build | House |
| 21:14 | Research | Bow Saw |
| 21:14 | Research | Bow Saw |
| 21:20 | Queue | Archer |
| 21:24 | Queue | Villager (Male) |
| 21:24 | Queue | Villager (Male) |
| 21:37 | Queue | Villager (Male) |
| 21:44 | Queue | Archer |
| 21:49 | Build | Mining Camp |
| 21:52 | Build | House |
| 21:52 | Build | House |
| 22:00 | Queue | Archer |
| 22:00 | Queue | Archer |
| 22:04 | Queue | Villager (Male) |
| 22:40 | Queue | Villager (Male) |
| 22:48 | Build | Town Center |
| 22:55 | Queue | Archer |
| 22:55 | Queue | Archer |
| 23:00 | Build | Lumber Camp |
| 23:04 | Queue | Villager (Male) |
| 23:04 | Queue | Archer |
| 23:10 | Build | House |
| 23:10 | Build | House |
| 23:21 | Build | Farm |
| 23:22 | Build | Farm |
Build order — WhiteForest
First 150 of 484 actions detected
| 0:01 | Queue | Villager (Male) ×4 |
| 1:25 | Queue | Villager (Male) |
| 1:26 | Queue | Villager (Male) |
| 1:54 | Queue | Villager (Male) |
| 2:31 | Queue | Villager (Male) |
| 2:33 | Queue | Villager (Male) |
| 2:34 | Queue | Villager (Male) |
| 2:42 | Build | Lumber Camp |
| 2:59 | Queue | Villager (Male) |
| 2:59 | Queue | Villager (Male) |
| 3:27 | Queue | Villager (Male) |
| 3:28 | Queue | Villager (Male) |
| 4:03 | Queue | Villager (Male) |
| 4:26 | Queue | Villager (Male) |
| 4:45 | Queue | Villager (Male) |
| 5:03 | Queue | Villager (Male) |
| 5:10 | Queue | Villager (Male) |
| 5:58 | Queue | Villager (Male) |
| 6:32 | Build | Mill |
| 6:39 | Research | Loom |
| 7:02 | Research | Feudal Age |
| 8:04 | Build | Palisade Wall |
| 8:05 | Build | Palisade Wall |
| 8:09 | Build | Palisade Wall |
| 8:16 | Build | Palisade Wall |
| 8:17 | Build | Palisade Wall |
| 8:42 | Queue | Villager (Male) |
| 8:52 | Build | Barracks |
| 9:16 | Age | Feudal Age |
| 9:19 | Research | Double-Bit Axe |
| 9:20 | Research | Double-Bit Axe |
| 9:20 | Queue | Villager (Male) |
| 9:52 | Build | Archery Range |
| 9:53 | Queue | Villager (Male) |
| 10:17 | Queue | Villager (Male) |
| 10:26 | Queue | Villager (Male) |
| 10:34 | Build | Palisade Wall |
| 10:39 | Build | Mining Camp |
| 10:45 | Queue | Archer |
| 10:48 | Queue | Villager (Male) |
| 11:12 | Queue | Skirmisher |
| 11:24 | Build | Palisade Wall |
| 11:33 | Queue | Villager (Male) |
| 11:45 | Build | Blacksmith |
| 11:51 | Queue | Skirmisher |
| 11:56 | Queue | Villager (Male) |
| 12:00 | Queue | Villager (Male) |
| 12:09 | Build | Farm |
| 12:20 | Build | Palisade Wall |
| 12:20 | Build | Palisade Wall |
| 12:25 | Queue | Villager (Male) |
| 12:27 | Build | Farm |
| 12:31 | Queue | Archer |
| 12:46 | Build | Palisade Wall |
| 12:53 | Build | Palisade Gate |
| 12:54 | Queue | Villager (Male) |
| 13:03 | Queue | Villager (Male) |
| 13:05 | Build | Farm |
| 13:15 | Build | Farm |
| 13:26 | Research | Fletching |
| 13:26 | Research | Fletching |
| 13:27 | Queue | Skirmisher |
| 13:33 | Build | Palisade Wall |
| 13:35 | Queue | Villager (Male) |
| 13:40 | Build | Farm |
| 13:52 | Queue | Skirmisher |
| 13:53 | Queue | Villager (Male) |
| 14:01 | Queue | Villager (Male) |
| 14:03 | Build | Farm |
| 14:35 | Build | Palisade Wall |
| 14:36 | Queue | Villager (Male) |
| 14:37 | Build | Farm |
| 14:53 | Queue | Villager (Male) |
| 14:55 | Build | Farm |
| 15:05 | Build | Farm |
| 15:18 | Queue | Villager (Male) |
| 15:21 | Build | Farm |
| 15:27 | Build | Farm |
| 15:32 | Build | Farm |
| 15:34 | Build | Farm |
| 15:52 | Build | Farm |
| 15:58 | Build | Farm |
| 16:48 | Research | Castle Age |
| 16:48 | Research | Castle Age |
| 17:01 | Build | Market |
| 17:03 | Queue | Skirmisher |
| 17:08 | Research | Horse Collar |
| 17:09 | Research | Horse Collar |
| 17:15 | Queue | Skirmisher |
| 17:48 | Build | Archery Range |
| 18:18 | Research | Padded Archer Armor |
| 18:18 | Research | Padded Archer Armor |
| 18:43 | Queue | Skirmisher |
| 19:01 | Queue | Skirmisher |
| 19:22 | Research | Town Watch |
| 19:28 | Age | Castle Age |
| 19:35 | Build | Town Center |
| 19:38 | Research | Bow Saw |
| 19:42 | Research | Bodkin Arrow |
| 19:42 | Research | Bodkin Arrow |
| 20:08 | Queue | Villager (Male) |
| 20:28 | Queue | Villager (Male) |
| 20:29 | Queue | Villager (Male) |
| 20:37 | Queue | Villager (Male) |
| 20:40 | Build | Siege Workshop |
| 20:54 | Queue | Villager (Male) |
| 20:58 | Queue | Villager (Male) |
| 21:11 | Queue | Mangonel |
| 21:21 | Queue | Skirmisher |
| 21:26 | Research | Elite Skirmisher (upgrade) |
| 21:26 | Research | Elite Skirmisher (upgrade) |
| 21:33 | Build | Lumber Camp |
| 21:42 | Queue | Skirmisher |
| 21:56 | Queue | Skirmisher |
| 21:56 | Queue | Skirmisher |
| 21:58 | Queue | Villager (Male) |
| 21:59 | Queue | Villager (Male) |
| 22:01 | Queue | Villager (Male) |
| 22:04 | Build | Farm |
| 22:05 | Build | Farm |
| 22:15 | Queue | Skirmisher |
| 22:16 | Queue | Skirmisher |
| 22:27 | Queue | Skirmisher |
| 22:28 | Queue | Skirmisher |
| 22:36 | Queue | Villager (Male) |
| 22:37 | Queue | Villager (Male) |
| 22:40 | Queue | Villager (Male) |
| 22:45 | Queue | Villager (Male) |
| 22:51 | Build | Town Center |
| 23:07 | Queue | Villager (Male) |
| 23:08 | Queue | Villager (Male) |
| 23:09 | Queue | Skirmisher |
| 23:09 | Queue | Skirmisher |
| 23:17 | Queue | Villager (Male) |
| 23:26 | Build | Farm |
| 23:28 | Build | Farm |
| 23:30 | Build | Farm |
| 23:30 | Queue | Villager (Male) |
| 23:39 | Build | University |
| 23:48 | Build | Farm |
| 23:49 | Queue | Villager (Male) |
| 23:59 | Queue | Villager (Male) |
| 24:01 | Build | Farm |
| 24:04 | Queue | Villager (Male) |
| 24:17 | Queue | Villager (Male) |
| 24:27 | Queue | Skirmisher |
| 24:27 | Queue | Skirmisher |
| 24:50 | Queue | Villager (Male) |
| 24:51 | Queue | Villager (Male) |
| 24:56 | Research | Ballistics |
Match timeline
| 4:33 | AOKI_Nyusika · first_building Barracks |
| 5:49 | AOKI_Nyusika · wall_segment Palisade Wall x5 |
| 6:51 | AOKI_Nyusika · wall_segment Palisade Wall x8 |
| 7:14 | AOKI_Nyusika · wall_segment Palisade Wall x1 |
| 8:04 | WhiteForest · wall_segment Palisade Wall x1 |
| 8:05 | WhiteForest · wall_segment Palisade Wall x2 |
| 8:09 | WhiteForest · wall_segment Palisade Wall x1 |
| 8:16 | WhiteForest · wall_segment Palisade Wall x1 |
| 8:17 | WhiteForest · wall_segment Palisade Wall x1 |
| 8:52 | WhiteForest · first_building Barracks |
| 9:16 | WhiteForest · age_up feudal |
| 9:52 | WhiteForest · first_building Archery Range |
| 10:34 | WhiteForest · wall_segment Palisade Wall x13 |
| 10:44 | AOKI_Nyusika · age_up feudal |
| 10:46 | AOKI_Nyusika · first_building Archery Range |
| 11:24 | WhiteForest · wall_segment Palisade Wall x6 |
| 12:20 | WhiteForest · wall_segment Palisade Wall x8 |
| 12:20 | WhiteForest · wall_segment Palisade Wall x1 |
| 12:46 | WhiteForest · wall_segment Palisade Wall x1 |
| 13:33 | WhiteForest · wall_segment Palisade Wall x9 |
| 14:35 | WhiteForest · wall_segment Palisade Wall x1 |
| 15:46 | AOKI_Nyusika · first_market_sell 100 stone |
| 15:47 | AOKI_Nyusika · first_market_buy 100 food |
| 18:12 | AOKI_Nyusika · age_up castle |
| 19:28 | WhiteForest · age_up castle |
| 20:40 | WhiteForest · first_building Siege Workshop |
| 21:18 | WhiteForest · first_market_sell 100 stone |
| 21:25 | WhiteForest · first_market_buy 100 wood |
| 24:32 | AOKI_Nyusika · first_building Siege Workshop |
| 24:37 | AOKI_Nyusika · first_building Stable |
| 25:40 | WhiteForest · first_building Monastery |
| 30:45 | WhiteForest · first_building Castle |
| 31:03 | WhiteForest · first_building Stable |
| 31:54 | AOKI_Nyusika · first_building Castle |
| 32:11 | AOKI_Nyusika · first_building Monastery |
| 34:56 | AOKI_Nyusika · age_up imperial |
| 35:59 | WhiteForest · age_up imperial |
| 50:28 | AOKI_Nyusika · resign |
[ AI ANALYSIS · 1 CREDIT ]
What really happened in this match?
Wolo.gg analyzes every decision: build order, eco, micro, common mistakes by bracket. Personalized analysis on WhatsApp or Discord in 30 seconds.
Civ guide
Malay
Perfil
Jugador #1853539